AoeStats
← ladhu2007

Arena

504296349Analyzed
3v3 RM · 27d ago on Sep 4, 2026· 25m 41s· 6 players
Game mode
Random Map
Map size
Normal (6 player)
Population
200
Speed
Normal
Resources
Standard
Victory
Conquest
Starting age
Dark Age
Ending age
Imperial Age
RankedLock teamsTeams togetherTeam positionsShared explorationLock speedFull tech treeHidden civsTurbo modeCheats
Victory
Defeat
🇩🇪 Britons · Germany
722
+7
🇩🇪 Saracens · Germany
667
+9
🇩🇪 Franks · Germany
594
+13
🇵🇱 Teutons · Poland
554
-11
🇧🇷 Khmer · Brazil
503
-9
🇪🇸 Goths · Spain
492
-9
ladhu2007
0:36 Loom
11:28 Feudal Age
13:22 Double-Bit Axe
15:58 Wheelbarrow
15:20 Horse Collar
21:28 Castle Age
24:34 Hand Cart
cartofel22
3:03 Loom
12:28 Feudal Age
19:09 Castle Age
18:06 Double-Bit Axe
18:04 Horse Collar
18:31 Stone Mining
22:05 Caravan
25:03 Gold Mining
brunoaraujo
0:38 Loom
13:47 Feudal Age
15:06 Wheelbarrow
14:19 Horse Collar
14:27 Double-Bit Axe
15:02 Town Watch
17:52 Gold Mining
17:56 Stone Mining
23:19 Castle Age
Kibng
16:05 Feudal Age
19:17 Double-Bit Axe
21:39 Castle Age
23:56 Gold Mining
24:56 Bow Saw
25:54 Forging
LongbowDan
6:15 Loom
9:00 Feudal Age
9:26 Double-Bit Axe
13:26 Fletching
14:48 Padded Archer Armor
26:12 Castle Age
MoodyNabil
0:52 Loom
12:59 Feudal Age
14:59 Double-Bit Axe
14:47 Man-at-Arms
16:13 Arson
19:02 Horse Collar
26:26 Castle Age
26:47 Wheelbarrow
Connection lost

Rejoining the realm…

Still unreachable

The connection could not be restored.

Session expired

The server has moved on; the page needs a fresh start.